 Dungeon Crawl Stone Soup version 0.20.1-1-g8b1a95d (webtiles) character file.

77 Fisto the Skirmisher (level 4, -1/41 HPs)
             Began as a Minotaur Abyssal Knight on Nov 13, 2017.
             Was a Follower of Lugonu.
             Killed by divine providence
             ... invoked by an orc priest
              (14 damage)
             ... on level 5 of the Dungeon.
             The game lasted 00:07:24 (2045 turns).

Fisto the Skirmisher (Minotaur Abyssal Knight)      Turns: 2045, Time: 00:07:24

Health: -1/41      AC:  9    Str: 17    XL:     4   Next: 13%
Magic:  4/4        EV:  7    Int:  9    God:    Lugonu [*.....]
Gold:   129        SH:  0    Dex: 10    Spells: 3/3 levels left

rFire    . . .     SeeInvis .   a - +1 mace
rCold    . . .     Gourm    .   (no shield)
rNeg     . . .     Faith    .   p - +0 chain mail
rPois    .         Spirit   .   (helmet restricted)
rElec    .         Reflect  .   (no cloak)
rCorr    .         Harm     .   (no gloves)
MR       .....                  (no boots)
Stlth    ..........             (no amulet)
Regen    0.2/turn               (no ring)
MPRegen  0.1/turn               (no ring)

@: no status effects
A: retaliatory headbutt, horns 2
a: Depart the Abyss, Renounce Religion


You were on level 5 of the Dungeon.
You worshipped Lugonu.
Lugonu was aware of your devotion.
You were hungry.

You visited 1 branch of the dungeon, and saw 4 of its levels.
You visited the Abyss 1 time.

You collected 129 gold pieces.

Inventory:

Hand Weapons
 a - a +1 mace (weapon)
Armour
 b - a +0 leather armour
 p - a +0 chain mail (worn)
Jewellery
 r - an uncursed ring of see invisible {unknown}
 s - an uncursed ring of protection from magic {unknown}
Scrolls
 e - a scroll of fear {unknown}
 k - a scroll of noise {unknown}
 l - a scroll of fog {unknown}
 m - a scroll of enchant armour {unknown}
 n - 4 scrolls of identify {unknown}
Potions
 f - a potion of berserk rage {unknown}
 g - a potion of brilliance {unknown}
 h - a potion of invisibility {unknown}
 j - a potion of agility {unknown}
 o - 2 potions of curing {unknown}
 q - a potion of ambrosia {unknown}
 t - a potion of heal wounds {unknown}
Comestibles
 c - a bread ration
 i - 2 royal jellies
 u - a meat ration


   Skills:
 + Level 4.4 Fighting
 + Level 3.4 Maces & Flails
 + Level 3.2 Armour
 + Level 1.4 Dodging
 + Level 0.1 Stealth
 + Level 2.3 Invocations


You had 3 spell levels left.
You didn't know any spells.

Dungeon Overview and Level Annotations

Branches:
Dungeon (3/15)

Altars:
Yredelemnul


Innate Abilities, Weirdness & Mutations

You reflexively headbutt those who attack you in melee.
You have a pair of horns on your head.


Message History

The orc barely misses you. The orc hits you but does no damage.
The orc completely misses you.
You closely miss the orc.
The orc priest calls down the wrath of Beogh upon you.
You barely resist. The orc closely misses you.
The orc priest barely misses you. You furiously retaliate!
You headbutt the orc priest!
You aren't in the Abyss!
The orc hits you but does no damage.
You closely miss the orc. Your headbutt misses the orc.
The orc is almost dead.
The orc hits you but does no damage. x2
You hit the orc but do no damage. You headbutt the orc.
You kill the orc!
Lugonu accepts your kill. The orc hits you but does no damage.
The ogre hits you with a giant club!
The orc hits you but does no damage. x2; The orc hits you with a war axe.
The orc priest mumbles some strange prayers to Beogh against you.
Beogh smites you!
You die...

#########
##......o####
.......@Oo..##
.......oo....#
.............#
............##
............#
............#
............#
.....$.....##
...........#


You could see an ogre, an orc priest and 3 orcs.

Vanquished Creatures
  3 adders (D:2)
  An ooze (D:1)
  2 worms (D:2)
  A dart slug (D:2)
  2 leopard geckos (D:1)
  An orc (D:5)
  3 giant cockroaches
  3 goblins (D:1)
  4 hobgoblins
  A quokka (D:2)
  A ball python (D:3)
  3 bats
  5 frilled lizards
  3 kobolds
  5 rats
38 creatures vanquished.

Vanquished Creatures (others)
  4 starspawn tentacles (Abyss:1)
4 creatures vanquished.

Grand Total: 42 creatures vanquished

Notes
Turn   | Place    | Note
-------+----------+-------------------------------------------
     0 | Abyss:1  | Fisto the Minotaur Abyssal Knight began the quest for the Orb.
     0 | Abyss:1  | Reached XP level 1. HP: 19/19 MP: 1/1
    31 | Abyss:1  | Noticed a tentacled starspawn
    47 | Abyss:1  | Noticed a neqoxec
    48 | D:1      | Escaped the Abyss
   159 | D:1      | Reached * piety under Lugonu
   223 | D:1      | Reached XP level 2. HP: 18/27 MP: 2/2
  1338 | D:2      | Reached XP level 3. HP: 30/33 MP: 3/3
  1387 | D:2      | Reached skill level 4 in Fighting
  1696 | D:2      | Reached XP level 4. HP: 35/41 MP: 4/4
  1755 | D:2      | Found a basalt altar of Yredelemnul.
  2030 | D:3      | You fall through a shaft for 2 floors!
  2030 | D:5      | Entered Level 5 of the Dungeon
  2030 | D:5      | Noticed an ogre
  2045 | D:5      | Killed from afar by an orc priest

Skill      XL: |  1  2  3 |
---------------+----------+-----
Invocations    | 2 |  2.3
Maces & Flails | 3 |  3.4
Fighting       | 4 |  4.4
Armour         | 3 |  3.2
Dodging        | |  1.4
Stealth        | |  0.1

Action                   |  1- 3 |  4- 6 || total
-------------------------+-------+-------++-------
Melee: Mace              |    82 |    14 ||    96
       Headbutt          |     9 |     3 ||    12
Invok: Depart the Abyss  |     1 |       ||     1
  Use: Potion            |       |     1 ||     1
  Eat: Chunk             |     2 |     1 ||     3
Armor: Leather armour    |    17 |       ||    17
       Chain mail        |    32 |    16 ||    48
Dodge: Dodged            |    44 |     9 ||    53
